 Dungeon Crawl Stone Soup version 0.32-a0-931-g5a2cda0630 (webtiles) character file.

Game seed: 1213987961305606922

208 GiantSquids the Ruffian (level 5, 0/49 HPs)
             Began as an Octopode Shapeshifter on Apr 14, 2024.
             Succumbed to a scorpion's poison
             ... in an ossuary.
             The game lasted 00:04:08 (2733 turns).

GiantSquids the Ruffian (Octopode Shapeshifter)     Turns: 2733, Time: 00:04:08

Health: 0/49       AC: 22    Str: 15    XL:     5   Next: 86%
Magic:  5/5        EV:  2    Int: 12    God:
Gold:   148        SH:  0    Dex: 12    Spells: 4/4 levels left

rFire   . .          .
                       - Unarmed
rCold   . . .        (no shield)
rNeg    + . .        (helmet currently unavailable)
rPois   +            (no amulet)
rElec   .            n - ring of positive energy
rCorr   .            (no ring)
SInv    .            (no ring)
Will    .....        (no ring)
Stlth   +++          (no ring)
HPRegen 0.28/turn    (no ring)
MPRegen 0.09/turn    (no ring)
                     (no ring)

%: no passive effects
@: lethally poisoned (0 -> -8), tree-form
A: stationary, stasis, torment immunity, boosted hp, almost no armour,
(amphibious), 8 rings, (camouflage 1), (gelatinous body 1), (nimble swimmer 1),
(tentacles)
a: no special abilities


You were in an ossuary.
You were a tree.
You visited 1 branch of the dungeon, and saw 4 of its levels.
You also visited: Ossuary.

You collected 168 gold pieces.
You spent 20 gold pieces at shops.

Inventory:

Missiles
 k - 4 silver javelins
 l - 34 stones (quivered)
Jewellery
 n - a ring of positive energy (left branch)
 p - a ring of willpower
Talismans
 b - a beast talisman (active)
 c - a flux talisman
Scrolls
 d - 2 scrolls of enchant weapon {unknown}
 f - a scroll of blinking {unknown}
 h - a scroll of acquirement {unknown}
 m - 2 scrolls of identify
 r - a scroll of teleportation {unknown}
Potions
 e - a potion of brilliance {unknown}
 g - 2 potions of resistance {unknown}
 i - 2 potions of might {unknown}
 j - 3 potions of curing {unknown}
 o - a potion of berserk rage {unknown}
 q - a potion of enlightenment {unknown}


   Skills:
 - Level 1.0 Fighting
 - Level 2.0 Dodging
 + Level 4.5 Stealth
 + Level 5.3 Unarmed Combat
 - Level 3.0 Shapeshifting


You had 4 spell levels left.
You didn't know any spells.
Your spell library contained the following spells:

 Spells                   Type           Power      Damage    Failure   Level
 Shock                    Conj/Air       0%         1d3       32%         1
 Swiftness                Air            0%         N/A       69%         3
 Airstrike                Air            0%         2d(0-16)  97%         4


Dungeon Overview and Level Annotations

Branches:
Dungeon (4/15)            Ossuary (1/1)
 Temple: D:4-7

Altars:
Fedhas

Shops:
D:2 ?


Innate Abilities, Weirdness & Mutations

You are a tree.
Your roots penetrate the ground, keeping you stationary.
You cannot be teleported.
You are immune to unholy pain and torment.
Your maximum health is greatly increased.
You cannot wear most types of armour.
((You are amphibious.))
You can wear up to eight rings at the same time.
((Your skin changes colour to match your surroundings (Stealth+).))
((Your rubbery body absorbs attacks. (AC +1, EV +1)))
((You are camouflaged when in or above water. (Stealth+)))
((You have tentacles for arms and can constrict up to eight enemies at once.))


Message History

The centaur zombie is heavily damaged.
The centaur zombie completely misses you.
The centaur zombie barely misses you.
You tentacle-slap the centaur zombie. You squeeze the centaur zombie.
The centaur zombie is severely damaged.
You tentacle-slap the scorpion. Your grab misses the scorpion.
The scorpion is lightly wounded.
The scorpion stings you.
You bludgeon the scorpion! Your grab misses the scorpion.
You squeeze the scorpion.
The scorpion is almost dead.
The scorpion stings you!
You tentacle-slap the centaur zombie.
The centaur zombie is severely damaged.
The centaur zombie hits you. The centaur zombie kicks you.
* * * LOW HITPOINT WARNING * * *
The scorpion stings you.
* * * LOW HITPOINT WARNING * * *
Your transformation has ended.
You turn into a tree.
Your roots penetrate the ground.
The centaur zombie hits you but does no damage.
The centaur zombie kicks you but does no damage.
The scorpion stings you but does no damage.
The centaur zombie hits you.
* * * LOW HITPOINT WARNING * * *
The centaur zombie kicks you but does no damage.
You barely miss the scorpion.
The scorpion is almost dead.
The scorpion stings you but does no damage.
The centaur zombie hits you but does no damage.
The centaur zombie kicks you but does no damage.
You pummel the centaur zombie!!
You destroy the centaur zombie!
The scorpion stings you.
* * * LOW HITPOINT WARNING * * *
You are lethally poisoned!
The scorpion poisons you!
You smack the scorpion!
You kill the scorpion!
You die...

#########################
#.....#.....#...#...#...#
#.....#.....'...#.∩.'.∩.#
#.....ß.....# ..#...#...#
#.........♣.##'###'######
#...........#?..#...#...#
###ß.....ß###..?#...ß...#
#...........#M??#.......#
#...........######ß...ß##
#.....ß.....#...#.......#
#.....#.....'...#...ß...#
#.....#.....#...#..Z#...#
##+###########'#######'##


There were no monsters in sight!

Vanquished Creatures
  A scorpion (Ossuary)
  A centaur zombie (Ossuary)
  A human zombie (Ossuary)
  A scorpion zombie (Ossuary)
  A hound zombie (D:4)
  3 adders
  A gnoll (D:1)
  2 adder zombies
  2 dart slugs
  A ribbon worm (D:2)
  An orc (D:4)
  2 endoplasms (D:3)
  2 giant cockroaches
  2 gnoll zombies (Ossuary)
  4 goblins
  4 hobgoblins
  9 jackals
  5 ball pythons
  4 bats
  4 frilled lizards
  6 kobolds
  An orc zombie (Ossuary)
  5 rats
63 creatures vanquished.

Notes
Turn   | Place    | Note
-------+----------+-------------------------------------------
     0 | D:1      | GiantSquids the Octopode Shapeshifter began the quest for
                  | the Orb.
     0 | D:1      | Reached XP level 1. HP: 13/13 MP: 1/1
   166 | D:1      | Reached XP level 2. HP: 18/18 MP: 2/2
   278 | D:1      | Reached skill level 4 in Unarmed Combat
   348 | D:1      | Reached XP level 3. HP: 23/23 MP: 3/3
  1602 | D:2      | Reached skill level 1 in Stealth
  1626 | D:2      | Found The Oracle's Delphic Readings.
  1630 | D:2      | Bought a scroll of identify for 20 gold pieces
  1740 | D:3      | Reached XP level 4. HP: 17/28 MP: 4/4
  1986 | D:3      | Found a blossoming altar of Fedhas.
  2527 | D:4      | Found a sand-covered staircase.
  2539 | D:4      | Reached XP level 5. HP: 25/33 MP: 5/5
  2558 | Ossuary  | Entered an ossuary
  2619 | Ossuary  | Reached skill level 5 in Unarmed Combat
  2732 | Ossuary  | HP: 2/49 [scorpion (2)]
  2733 | Ossuary  | Succumbed to a scorpion's poison

Illustrated notes

Levels and vault maps discovered:
D:1:      amcnicky_arrival_flooded_fountain, layout_basic, nicolae_grassy_gnolls
D:2:      layout_basic, serial_aquarium, aquarium_bridge_straight
          [aquarium_subvault_bridge, aquarium_subvault_balcony,
          aquarium_subvault_bridge, aquarium_subvault_window],
          aquarium_window_1, aquarium_window_fake, aquarium_window_2,
          aquarium_window_corridor_1, aquarium_view_2e,
          aquarium_balcony_double_4, kennysheep_small_spiral,
          corexii_leaking_fountain, nicolae_nh_oracle_at_delphi
D:3:      layout_loops_ring, fedhas_altar_2, minivault_27
D:4:      layout_basic, mainiacjoe_ossuary_entry_find_the_door
Ossuary:  ossuary_minmay_scorpions

Skill      XL: |  1  2  3  4  5 |
---------------+----------------+-----
Unarmed Combat | 4 5 |  5.3
Stealth        | 2 3 4 |  4.5
Fighting       | |  1.0
Dodging        | |  2.0
Shapeshifting  | |  3.0

Action                     |  1- 3 |  4- 6 || total
---------------------------+-------+-------++-------
  Melee: Unarmed           |    59 |    63 ||   122
         Constrict         |    14 |    15 ||    29
         Tentacles         |     8 |    15 ||    23
         Punch             |     1 |     4 ||     5
  Throw: Stone             |       |     2 ||     2
    Use: Potion            |       |     1 ||     1
   Stab: Sleeping          |     8 |     6 ||    14
 Armour: Skin              |    20 |    44 ||    64
  Dodge: Dodged            |    33 |    29 ||    62

Table legend: (Time is in decaauts)
 A = Elapsed time spent in this place.
 B = Non-inter-level travel time spent in this place.
 C = Inter-level travel time spent in this place.
 D = Time resting spent in this place.
 E = Time spent auto-exploring this place.
 F = Levels seen in this place.
 G = Mean time per level.
                   A        B        C        D        E       F      G
               +--------+--------+--------+--------+--------+-----+--------+
         Total |   2722 |   2602 |    120 |    172 |   1970 |   5 |  544.4 |
       Dungeon |   2549 |   2429 |    120 |    117 |   1957 |   4 |  637.2 |
       Ossuary |    172 |    172 |      0 |     55 |     13 |   1 |  172.0 |
               +--------+--------+--------+--------+--------+-----+--------+

Top non-repeatable levels by time:
     D:2: 998 daAuts
     D:1: 710 daAuts
     D:3: 687 daAuts
 Ossuary: 172 daAuts
     D:4: 153 daAuts
